 Dungeon Crawl Stone Soup version 0.18.1-5-g4a78601 (webtiles) character file.

49 dorian the Unweaver (level 3, 0/29 HPs)
             Began as a Demonspawn Abyssal Knight on May 10, 2016.
             Was a Follower of Lugonu.
             Slain by a jackal (3 damage)
             ... on level 2 of the Dungeon.
             The game lasted 00:02:53 (1550 turns).

dorian the Unweaver (Demonspawn Abyssal Knight)     Turns: 1550, Time: 00:02:54

Health: 0/29       AC:  3    Str: 13    XL:     3   Next: 51%
Magic:  6/6        EV: 13    Int: 13    God:    Lugonu [*.....]
Gold:   97         SH:  0    Dex: 12    Spells: 0 memorised, 2 levels left

rFire  . . .     SeeInvis .     a - +1 mace
rCold  . . .     Gourm    .     b - +0 leather armour
rNeg   . . .     Faith    .     (no shield)
rPois  .         Spirit   .     (no helmet)
rElec  .         Dismiss  .     (no cloak)
rCorr  .         Reflect  .     (no gloves)
SustAt .         Harm     .     (no boots)
MR     .....                    m - amulet of inaccuracy (curse)
Stlth  +.........               (no ring)
                                (no ring)

@: not resistant to hostile enchantments, very unstealthy
A: talons 1, repulsion field 1
a: Depart the Abyss, Renounce Religion


You were on level 2 of the Dungeon.
You worshipped Lugonu.
Lugonu was aware of your devotion.
You were not hungry.

You visited 1 branch of the dungeon, and saw 2 of its levels.
You visited the Abyss 1 time.

You collected 97 gold pieces.

Inventory:

Hand Weapons
 a - a +1 mace (weapon)
 h - a +0 dagger
Missiles
 g - 7 silver javelins (quivered)
Armour
 b - a +0 leather armour (worn)
Jewellery
 m - a cursed amulet of inaccuracy (around neck)
 n - an uncursed amulet of the gourmand
Scrolls
 j - a scroll of teleportation
 k - 2 scrolls of amnesia
Potions
 d - a potion of mutation
 e - a potion of brilliance {unknown}
 f - a potion of invisibility {unknown}
 i - a potion of flight {unknown}
 p - a potion of curing {unknown}
 q - a potion of heal wounds {unknown}
 r - a potion of agility {unknown}
Comestibles
 c - a bread ration
 l - a slice of pizza


   Skills:
 - Level 3.0 Fighting
 + Level 2.8 Maces & Flails
 - Level 1.7 Armour
 - Level 0.8 Dodging
 + Level 4.0 Invocations


You had 2 spell levels left.
You didn't know any spells.

Dungeon Overview and Level Annotations

Branches:
Dungeon (2/15)

Altars:
Elyvilon


Innate Abilities, Weirdness & Mutations

You have sharp toenails.
You are surrounded by a mild repulsion field (EV +2).


Message History

The jackal closely misses you.
Read which item? (? for menu, Esc to quit)
As you read the scroll of fear, it crumbles to dust.
You assume a fearsome visage.
The jackal looks frightened!
The jackal closely misses you. The jackal barely misses you.
The jackal bites you.
* * * LOW HITPOINT WARNING * * *
There is a shaft here.
The jackal falls through a shaft!
The shaft crumbles and collapses.
The jackal bites you.
* * * LOW HITPOINT WARNING * * *
The jackal misses you. The jackal bites you.
* * * LOW HITPOINT WARNING * * *
You are too injured to fight recklessly!
You are too injured to fight recklessly!
Your leather armour prevents you from hitting the jackal.
The jackal bites you.
You die...

#.#. #.#................#....
##.#.##.#...†#...........#....
............................._
........................#....
#.#............#...#....#....
#.......................##.(. #
######.#.#..............####.
##.######.#.#h##.###............
#.............h@................
#.....)(.(....##.##....#........
##.##.(####.#.##.##....#........
#.............##.##........##.##
##.##..........#.##.#..#...##.#
# #..####.#..#.##.#..#...##.#
#..........................
#.......#..#..#.#..........
#.#####.#...................


You could see 2 jackals.

Vanquished Creatures
  An adder (D:2)
  A worm (D:2)
  A dart slug (D:1)
  A giant gecko (D:1)
  6 bats
  2 giant cockroaches
  6 goblins
  4 hobgoblins
  2 ball pythons (D:2)
  2 giant newts (D:2)
  3 kobolds
  2 rats
31 creatures vanquished.

Notes
Turn   | Place    | Note
--------------------------------------------------------------
     0 | Abyss:1  | dorian the Demonspawn Abyssal Knight began the quest for the Orb.
     0 | Abyss:1  | Reached XP level 1. HP: 18/18 MP: 2/2
    43 | Abyss:1  | Noticed a smoke demon
    43 | D:1      | Escaped the Abyss
   214 | D:1      | Reached * piety under Lugonu
   465 | D:1      | You fall through a shaft!
   470 | D:2      | Gained mutation: You are surrounded by a mild repulsion field (EV +2). [demonic ancestry]
   470 | D:2      | Reached XP level 2. HP: 21/24 MP: 4/4
   554 | D:1      | Reached skill level 3 in Invocations
   975 | D:2      | Gained mutation: You have sharp toenails. [demonic ancestry]
   975 | D:2      | Reached XP level 3. HP: 29/29 MP: 5/5
  1442 | D:2      | Found a white marble altar of Elyvilon.
  1529 | D:2      | Reached skill level 4 in Invocations
  1550 | D:2      | Slain by a jackal

Skill      XL: |  1  2  3 |
---------------+----------+-----
Maces & Flails | 2 |  2.8
Invocations    | 3 4 |  4.0
Fighting       | |  3.0
Armour         | |  1.7
Dodging        | |  0.8

Action                   || total
-------------------------++-------
Melee: Mace              ||    66
       Dagger            ||    71
       Kick              ||    10
Invok: Depart the Abyss  ||     1
  Use: Scroll            ||     6
  Eat: Chunk             ||    10
Armor: Leather armour    ||    46
Dodge: Dodged            ||   115
